 Dungeon Crawl Stone Soup version 0.21.1-1-g345015f (webtiles) character file.

4251 vatarom the Summoner (level 10, -6/79 HPs)
             Began as a Barachi Summoner on Mar 24, 2018.
             Was a Believer of Sif Muna.
             Mangled by a komodo dragon (12 damage)
             ... on level 1 of the Lair of Beasts.
             The game lasted 00:25:58 (10266 turns).

vatarom the Summoner (Barachi Summoner)            Turns: 10266, Time: 00:26:00

Health: -6/79      AC:  2    Str: 12    XL:     10   Next: 31%
Magic:  3/20       EV:  2    Int: 17    God:    Sif Muna [**....]
Gold:   515        SH:  0    Dex: 12    Spells: 8/22 levels left

rFire    . . .     SeeInvis +   A - +1 glaive
rCold    . . .     Gourm    .   (shield currently unavailable)
rNeg     + + +     Faith    .   a - +0 robe
rPois    ∞         Spirit   .   (no helmet)
rElec    .         Reflect  +   (no cloak)
rCorr    .         Harm     .   (no gloves)
MR       .....                  (no boots)
Stlth    ++........             r - +2 amulet of reflection
HPRegen  0.23/turn              d - ring of see invisible
MPRegen  0.17/turn              h - ring of poison resistance

@: petrified, can't hop, divine energy, slow
A: +LOS, swims, slowness 1, strong legs 1
a: Hop, Stop Divine Energy, Renounce Religion


You were on level 1 of the Lair of Beasts.
You worshipped Sif Muna.
Sif Muna was pleased with you.
You were very hungry.

You visited 3 branches of the dungeon, and saw 12 of its levels.

You collected 515 gold pieces.

Inventory:

Hand Weapons
 A - a +1 glaive (weapon)
Missiles
 g - a throwing net (quivered)
 p - 21 arrows
Armour
 a - a +0 robe (worn)
Jewellery
 d - a ring of see invisible (left hand)
 h - a ring of poison resistance (right hand)
 r - a +2 amulet of reflection (around neck)
 u - an uncursed ring of positive energy
Wands
 n - a wand of paralysis (8)
 w - a wand of iceblast (6)
 x - a wand of acid (10)
 z - a wand of flame (31)
 B - a wand of random effects (26)
Scrolls
 e - 10 scrolls of remove curse
 l - a scroll of blinking
 o - 4 scrolls of enchant weapon
 t - a scroll of teleportation
 y - a scroll of fog
Potions
 f - a potion of magic {unknown}
 i - 2 potions of agility
 j - a potion of brilliance
 k - 4 potions of curing
 m - a potion of might {unknown}
 q - a potion of degeneration {unknown}
 v - a potion of invisibility {unknown}
 C - a potion of flight {unknown}
Books
 b - a book of Callings

   Spells                             Type                      Level
   a - Summon Small Mammal            Summoning                    1
   b - Call Imp                       Summoning                    2
   c - Call Canine Familiar           Summoning                    3
   d - Summon Guardian Golem          Hexes/Summoning              3
   e - Summon Lightning Spire         Summoning/Air                4
   f - Summon Ice Beast               Ice/Summoning                4
Comestibles
 c - 7 rations


   Skills:
 - Level 7.1 Fighting
 * Level 4.7 Polearms
 * Level 3.9 Dodging
 - Level 1.7 Stealth
 * Level 6.9 Spellcasting
 + Level 9.7 Summonings
 - Level 2.4 Air Magic
 * Level 7.2 Evocations


You had 8 spell levels left.
You knew the following spells:

 Your Spells              Type           Power        Failure   Level  Hunger
a - Summon Small Mammal   Summ           ####         1%          1    None
b - Call Imp              Summ           #####...     1%          2    None
c - Call Canine Familiar  Summ           #####...     1%          3    ##.....
d - Summon Lightning Spi  Summ/Air       ####....     10%         4    ####...
e - Summon Ice Beast      Ice/Summ       ###.....     16%         4    ####...


Dungeon Overview and Level Annotations

Branches:
Dungeon (10/15)            Temple (1/1) D:4            Lair (1/6) D:8
    Orc: D:9-12

Altars:
Ashenzari
Cheibriados
Dithmenos
Elyvilon
Fedhas
Gozag
Hepliaklqana
Kikubaaqudgha
Makhleb
Nemelex Xobeh
Okawaru
Qazlal
Ru
Sif Muna
Trog
Uskayaw
Vehumet
Wu Jian
Yredelemnul
Zin
The Shining One

Shops:
D:8 ?(*


Innate Abilities, Weirdness & Mutations

Shadows flee at your approach. (+LOS)
You can swim through water.
You cover ground slowly.
You can hop short distances.


Message History

The plant is heavily damaged.
You feel sick.
You are no longer poisoned.
Unknown command.
The basilisk bites your ice beast!
Your ice beast disappears in a puff of smoke!
Hop to where?
Press: ? - help, Dir - move target cursor Boing!
The basilisk gazes at you.
You are slowing down.
The basilisk gazes at you. You resist with some effort.
You have turned to stone.
The basilisk gazes at you. You resist with some effort.
The basilisk gazes at you. The komodo dragon bites you!!
* * * LOW HITPOINT WARNING * * *
The komodo dragon bites you!!
You die...

#.#### ######..#
#.P#P###P.##P..#####.
#.....................
#.....................
###.....................
.###.#.....................
..............l..#.#.###...
........#P'#..tl.S..... ...
.............#@..#.....# ..
......#......#.<.#.....#
......##..####...#.....#
.................# ..[
.##..####........# .. ##
#........# #.........
#.......... ............


You could see a komodo dragon, a basilisk, a water moccasin and a crocodile.

Vanquished Creatures
  The ghost of Aelig the Changer, a novice DrTm of the Shining One (D:6)
  2 hippogriffs
  4 yaks
  An ice beast (D:9)
  An ogre (D:4)
  A wolf (D:8)
  A centaur (D:8)
  3 bullfrogs
  A scorpion (D:8)
  A crimson imp (D:5)
  2 orc priests (D:3)
  2 hounds
  A centaur skeleton (D:9)
  Terence (D:2)
  A worker ant (D:4)
  An orc wizard (D:3)
  A hound zombie (D:8)
  6 adders
  An adder zombie (D:7)
  3 leopard geckos
  An orc (D:3)
  A bat (D:2)
  4 giant cockroaches
  3 goblins
  4 hobgoblins
  3 jackals (D:7)
  3 quokkas
  A goblin zombie (D:8)
  A kobold zombie (D:8)
  An orc skeleton (D:8)
  A rat (D:3)
58 creatures vanquished.

Vanquished Creatures (collateral kills)
  2 spiny frogs (Lair:1)
  The ghost of Scuka the Summoner, a novice FeSu of Yredelemnul (Lair:1)
  2 hippogriffs
  Sigmund (D:2)
  5 yaks
  Grum (D:8)
  A water moccasin (Lair:1)
  Duvessa (D:5)
  3 orc warriors
  4 ice beasts
  A necrophage (D:6)
  A phantom (D:5)
  3 wolves (D:8)
  4 centaurs
  4 bullfrogs
  A gnoll sergeant (D:9)
  Dowan (D:5)
  A water moccasin zombie (D:6)
  A scorpion (D:4)
  4 killer bees (D:7)
  2 crimson imps
  2 hounds
  A bullfrog skeleton (D:8)
  3 jellies
  4 orc priests
  6 orc wizards
  2 iguanas
  A centaur skeleton (D:6)
  4 worker ants
  Robin (D:2)
  A worker ant zombie (D:9)
  6 gnolls
  4 adders
  A shadow imp (D:8)
  An adder skeleton (D:6)
  3 worms
  2 dart slugs
  3 leopard geckos
  27 orcs
  3 bats
  3 giant cockroaches
  10 goblins
  9 hobgoblins
  4 jackals (D:3)
  2 kobolds
  A quokka (D:6)
  3 ball pythons
  A frilled lizard (D:2)
  2 goblin skeletons (D:8)
  A hobgoblin zombie (D:8)
  A kobold skeleton (D:8)
  3 kobold zombies (D:8)
  A leopard gecko skeleton (D:5)
  An orc skeleton (D:8)
  An orc zombie (D:8)
  11 rats
173 creatures vanquished.

Vanquished Creatures (others)
  A bullfrog (D:8)
  A hobgoblin (D:3)
2 creatures vanquished.

Grand Total: 233 creatures vanquished

Notes
Turn   | Place    | Note
-------+----------+-------------------------------------------
     0 | D:1      | vatarom the Barachi Summoner began the quest for the Orb.
     0 | D:1      | Reached XP level 1. HP: 13/13 MP: 3/3
   204 | D:1      | Reached skill level 1 in Fighting
   204 | D:1      | Reached skill level 5 in Summonings
   457 | D:1      | Reached XP level 2. HP: 21/21 MP: 0/5
   559 | D:1      | Learned a level 2 spell: Call Imp
  1179 | D:2      | Reached XP level 3. HP: 27/27 MP: 2/6
  1191 | D:2      | Learned a level 3 spell: Call Canine Familiar
  1397 | D:2      | Noticed Robin
  1425 | D:2      | Killed Robin
  1476 | D:2      | Noticed Sigmund
  1487 | D:2      | Killed Sigmund
  1487 | D:2      | Reached skill level 6 in Summonings
  1487 | D:2      | Reached XP level 4. HP: 33/35 MP: 1/8
  1537 | D:2      | Found a hazy altar of Hepliaklqana.
  1682 | D:2      | Reached XP level 5. HP: 41/41 MP: 5/9
  1704 | D:2      | Noticed Terence
  1728 | D:2      | Killed Terence
  1794 | D:2      | Learned a level 4 spell: Summon Lightning Spire
  1988 | D:3      | Found a deep blue altar of Sif Muna.
  1991 | D:3      | Became a worshipper of Sif Muna the Loreminder
  2401 | D:3      | Reached skill level 1 in Air Magic
  2657 | D:3      | Reached XP level 6. HP: 22/48 MP: 3/10
  3186 | D:4      | Found a staircase to the Ecumenical Temple.
  3200 | Temple   | Entered the Ecumenical Temple
  4107 | D:4      | Reached * piety under Sif Muna
  4289 | D:5      | Entered Level 5 of the Dungeon
  4367 | D:5      | Noticed Duvessa
  4374 | D:5      | Killed Duvessa
  4374 | D:5      | Reached skill level 7 in Summonings
  4374 | D:5      | Reached skill level 1 in Evocations
  4374 | D:5      | Reached XP level 7. HP: 55/55 MP: 4/12
  4477 | D:5      | Noticed Dowan
  4493 | D:5      | Killed Dowan
  4651 | D:5      | Reached skill level 5 in Fighting
  5202 | D:6      | Noticed Aelig's ghost (novice DrTm)
  5223 | D:6      | Killed Aelig's ghost
  5223 | D:6      | Reached skill level 8 in Summonings
  5223 | D:6      | Reached XP level 8. HP: 55/64 MP: 2/14
  5271 | D:6      | Learned a level 4 spell: Summon Ice Beast
  5980 | D:7      | Noticed a hippogriff
  5996 | D:7      | Killed a hippogriff
  6398 | D:7      | Found an opulent altar of Gozag.
  6688 | D:7      | Reached XP level 9. HP: 62/72 MP: 14/16
  6757 | D:7      | Found a white marble altar of Elyvilon.
  6947 | D:7      | Found a basalt altar of Yredelemnul.
  7092 | D:8      | Found Suekhlod's General Store.
  7110 | D:8      | Found a staircase to the Lair.
  7158 | D:8      | Found a bloodstained altar of Trog.
  7206 | D:8      | Reached skill level 1 in Polearms
  7229 | D:8      | Reached skill level 5 in Spellcasting
  7229 | D:8      | Reached skill level 9 in Summonings
  7229 | D:8      | Reached skill level 5 in Evocations
  7251 | D:8      | Found a radiant altar of Vehumet.
  7253 | D:8      | Found a snail-covered altar of Cheibriados.
  7411 | D:8      | Noticed Grum
  7423 | D:8      | Reached ** piety under Sif Muna
  7427 | D:8      | Killed Grum
  7515 | D:8      | Found an ornate altar of the Wu Jian Council.
  7643 | D:8      | Found a glowing golden altar of the Shining One.
  7829 | D:8      | Found a blossoming altar of Fedhas.
  8157 | D:8      | Found Biumun's Weapon Shop.
  8408 | D:8      | Found Zupt's Magic Scroll Emporium.
  9230 | D:9      | Found a sacrificial altar of Ru.
  9251 | D:9      | Reached XP level 10. HP: 79/79 MP: 12/19
  9455 | D:9      | Found a stormy altar of Qazlal.
  9863 | D:10     | Entered Level 10 of the Dungeon
  9887 | D:10     | Noticed a brown ugly thing
  9924 | Lair:1   | Entered Level 1 of the Lair of Beasts
  9941 | Lair:1   | Noticed Scuka's ghost (novice FeSu)
  9956 | Lair:1   | Killed Scuka's ghost
 10141 | Lair:1   | Noticed a spiny frog
 10154 | Lair:1   | Killed a spiny frog
 10231 | Lair:1   | Noticed a spiny frog
 10238 | Lair:1   | Killed a spiny frog
 10266 | Lair:1   | Mangled by a komodo dragon

Skill      XL: |  1  2  3  4  5  6  7  8  9 10 |
---------------+-------------------------------+-----
Fighting       | 1 3 4 6 7 |  7.1
Summonings     | 5 6 7 8 9 |  9.7
Spellcasting   | 3 4 6 |  6.9
Air Magic      | 1 2 |  2.4
Evocations     | 1 3 4 6 7 |  7.2
Polearms       | 4 |  4.7
Dodging        | 3 |  3.9
Stealth        | |  1.7

Action                   |  1- 3 |  4- 6 |  7- 9 | 10-12 || total
-------------------------+-------+-------+-------+-------++-------
Melee: Unarmed           |    31 |       |       |       ||    31
       Spear             |    18 |   120 |   163 |       ||   301
       Trident           |       |       |    28 |       ||    28
       Glaive            |       |       |    49 |    16 ||    65
 Cast: Summon Small Mamm |    19 |     1 |     1 |       ||    21
       Call Imp          |    12 |    14 |    10 |     3 ||    39
       Call Canine Famil |     4 |    19 |    18 |       ||    41
       Summon Lightning  |       |     2 |    42 |    11 ||    55
       Summon Ice Beast  |       |       |    12 |    10 ||    22
Invok: Divine Energy     |       |     1 |       |       ||     1
 Abil: Hop               |     4 |       |     4 |     1 ||     9
Evoke: Wand              |       |     2 |     3 |       ||     5
  Use: Scroll            |     2 |     5 |     8 |     4 ||    19
       Potion            |     1 |     3 |     5 |     1 ||    10
 Stab: Distracted        |       |     2 |     4 |     1 ||     7
       Paralysed         |       |     1 |       |       ||     1
       Sleeping          |       |       |     7 |       ||     7
  Eat: Chunk             |     1 |     5 |    10 |     2 ||    18
       Ration            |     1 |     4 |     5 |       ||    10
Armor: Robe              |    22 |    22 |    31 |     2 ||    77
       Skin              |       |    10 |       |       ||    10
Dodge: Dodged            |    38 |    89 |   171 |    18 ||   316
Block: Other             |       |     3 |    17 |     2 ||    22
